 Dungeon Crawl Stone Soup version 0.30-a0-879-ga8ba668304 (webtiles) character file.

Game seed: 7191628163051753645

41 domi the Conjurer (level 3, -1/24 HPs)
             Began as a Demonspawn Conjurer on Mar 13, 2023.
             Killed from afar by Sigmund (11 damage)
             ... with a puff of flame
             ... on level 2 of the Dungeon.
             The game lasted 00:02:03 (1780 turns).

domi the Conjurer (Demonspawn Conjurer)             Turns: 1780, Time: 00:02:04

Health: -1/24      AC:  2    Str:  7    XL:     3   Next: 32%
Magic:  4/6        EV: 14    Int: 21    God:
Gold:   114        SH:  0    Dex: 11    Spells: 3/6 levels left

rFire   . . .      SeeInvis .    j - +2 spear (heavy)
rCold   . . .      Faith    .    (no shield)
rNeg    . . .      Spirit   .    a - +0 robe
rPois   .          Reflect  .    (no helmet)
rElec   .          Rampage  .    (no cloak)
rCorr   .                        (no gloves)
Will    .....                    (no boots)
Stlth   ++                       (no amulet)
HPRegen 0.24/turn                (no ring)
MPRegen 0.10/turn                (no ring)

@: no status effects
A: repulsion field 1
a: no special abilities


You were on level 2 of the Dungeon.
You visited 1 branch of the dungeon, and saw 2 of its levels.

You collected 114 gold pieces.

Inventory:

Hand Weapons
 j - a +2 heavy spear (weapon)
   (You found it on level 1 of the Dungeon)
Armour
 a - a +0 robe (worn)
 g - a +0 pair of gloves
   (You found it on level 1 of the Dungeon)
Scrolls
 c - a scroll of identify {unknown}
 d - 3 scrolls of torment {unknown}
 e - a scroll of enchant weapon {unknown}
 h - a scroll of fog {unknown}
 i - a scroll of amnesia {unknown}
 k - a scroll of poison {unknown}
Potions
 b - 2 potions of magic
 f - a potion of lignification {unknown}


   Skills:
 - Level 1.7 Dodging
 - Level 1.7 Stealth
 - Level 2.0 Spellcasting
 + Level 5.2 Conjurations


You had 3 spell levels left.
You knew the following spells:

 Your Spells              Type           Power      Damage    Failure   Level
x - Searing Ray           Conj           48%        2d6       2%          2
z - Magic Dart            Conj           96%        1d7       1%          1

Your spell library contained the following spells:

 Spells                   Type           Power      Damage    Failure   Level
 Dazzling Flash           Conj/Hex       26%        N/A       16%         3
 Fulminant Prism          Conj/Hex       6%         3d7       45%         4
 Iskenderun's Mystic Bla  Conj/Tloc      13%        2d5       45%         4


Dungeon Overview and Level Annotations

Branches:
Dungeon (2/15)

Altars:

Shops:
D:1 *

Annotations:
D:2 Sigmund


Innate Abilities, Weirdness & Mutations

You are surrounded by a mild repulsion field. (EV +2)


Message History

You now have 114 gold pieces (gained 17).
Found a stone staircase leading up.
There is a stone staircase leading up here.
A frilled lizard comes into view.
The frilled lizard hisses angrily.
A frilled lizard is nearby!
Aim: a frilled lizard (100% to hit)
The magic dart hits the frilled lizard.
You kill the frilled lizard!
You have reached level 3!
Your experience leads to an increase in your attributes!
Increase (s)trength, (i)ntelligence, or (d)exterity?
You feel clever. x2
Okay, then.
You see here 9 stones.
There is an open door here.
An adder comes into view.
An adder is nearby!
An adder is nearby!
An adder is nearby!
Aim: an adder (asleep, 100% to hit)
The magic dart hits the adder.
The adder hisses angrily.
The adder barely misses you.
Aim: an adder (moderately wounded, 100% to hit)
The magic dart hits the adder.
The adder barely misses you.
Aim: an adder (severely wounded, 100% to hit)
The magic dart hits the adder.
The adder closely misses you.
Aim: an adder (almost dead, 100% to hit)
The magic dart hits the adder but does no damage.
The adder misses you. The adder barely misses you.
Aim: an adder (almost dead, 100% to hit)
The magic dart hits the adder but does no damage.
The adder closely misses you.
Aim: an adder (almost dead, 100% to hit)
The magic dart hits the adder.
You kill the adder!
You don't have enough magic to cast this spell.
You see here a +0 ring mail.
k - a scroll labelled ARRIORI RELI A kobold comes into view.
It is wielding a +0 dagger.
A kobold is nearby!
A kobold is nearby!
A kobold is nearby!
Aim: a kobold, wielding a +0 dagger (asleep, 100% to hit)
The magic dart hits the kobold.
Aim: a kobold, wielding a +0 dagger (moderately wounded, 100% to hit)
The magic dart hits the kobold but does no damage.
Aim: a kobold, wielding a +0 dagger (moderately wounded, 100% to hit)
The magic dart hits the kobold.
Aim: a kobold, wielding a +0 dagger (heavily wounded, 100% to hit)
The magic dart hits the kobold.
You kill the kobold!
You can't see any susceptible monsters within range! (Use Z to cast anyway.)
You can't see any susceptible monsters within range! (Use Z to cast anyway.)
Things that are here:
a +0 dagger; a kobold corpse A frilled lizard comes into view.
A frilled lizard is nearby!
A frilled lizard is nearby!
A frilled lizard is nearby!
Aim: a frilled lizard (asleep, 100% to hit)
The magic dart hits the frilled lizard.
You kill the frilled lizard!
You can't see any susceptible monsters within range! (Use Z to cast anyway.)
You can't see any susceptible monsters within range! (Use Z to cast anyway.)
You open the door.
There is an open door here.
You open the door.
Sigmund, a goblin and a frilled lizard come into view.
Sigmund shouts!
The frilled lizard hisses angrily.
Sigmund hits you from afar with a +0 scythe!
Okay, then.
There is an open door here.
Aim: a goblin, wielding a +0 club (72% to hit)
The searing ray hits the goblin.
You kill the goblin!
The searing ray misses Sigmund. (Press . to maintain the ray.)
The searing ray hits Sigmund.
The searing ray hits the frilled lizard!
You kill the frilled lizard!
Sigmund is suddenly surrounded by pale green light.
The searing ray hits Sigmund.
Sigmund points at you and mumbles some strange words.
The puff of flame hits you!
The searing ray misses Sigmund.
You finish channelling your searing ray.
Sigmund closely misses you.
You don't have enough magic to cast this spell.
You aren't carrying any items that you can evoke.
Magic courses through your body. Sigmund gestures at you while chanting.
You resist with significant effort.
Aim: Sigmund, wielding a +0 scythe and wearing a +0 robe (moderately wounded, 77% to hit)
The searing ray hits Sigmund! (Press . to maintain the ray.) Sigmund gestures at you while chanting.
The puff of flame hits you!
You die...

#...........#
#...........# #.#
#...........# #.#
#...........# #.#
#...........# #.#
#...........# #.#
#...@.......# #.#
#'####'#+##########.######
l@.
#.......@.@...........#
.....
#......########.####.##
..... #......# #.# #.#
..... #......# #.# #.#
..... #......# #.# #.#
..... #......# #.# #.#
###.#### #.# #.# #.# #.#
#.# #.# #.# #.#


You could see Sigmund.

Vanquished Creatures
  An adder (D:2)
  A dart slug (D:1)
  3 bats (D:1)
  5 endoplasms
  2 giant cockroaches (D:1)
  2 goblins
  2 hobgoblins (D:1)
  6 kobolds
  A quokka (D:1)
  A ball python (D:1)
  5 frilled lizards
29 creatures vanquished.

Notes
Turn   | Place    | Note
-------+----------+-------------------------------------------
     0 | D:1      | domi the Demonspawn Conjurer began the quest for the Orb.
     0 | D:1      | Reached XP level 1. HP: 13/13 MP: 3/3
   436 | D:1      | Gained mutation: You are surrounded by a mild repulsion
                  | field. (EV +2) [demonic ancestry]
   436 | D:1      | Reached XP level 2. HP: 18/19 MP: 0/5
   535 | D:1      | Learned a level 2 spell: Searing Ray
   910 | D:1      | Found a faded altar of an unknown god.
  1241 | D:1      | Found Qiexyck's General Store.
  1285 | D:2      | Reached skill level 5 in Conjurations
  1393 | D:2      | Reached XP level 3. HP: 24/24 MP: 4/6
  1763 | D:2      | Noticed Sigmund
  1780 | D:2      | Killed from afar by Sigmund

Illustrated notes

Levels and vault maps discovered:
D:1:      psy_arrival_radial02, layout_basic, shapermc_ecumenical_altar_venn,
          serial_shops, shop
D:2:      layout_basic, uniq_sigmund

Skill      XL: |  1  2 |
---------------+-------+-----
Conjurations   | 5 |  5.2
Dodging        | |  1.7
Stealth        | |  1.7
Spellcasting   | |  2.0

Action                     || total
---------------------------++-------
  Melee: Unarmed           ||    17
   Cast: Magic Dart        ||    59
         Searing Ray       ||     2
    Use: Potion            ||     1
 Armour: Robe              ||     4
  Dodge: Dodged            ||    35

Table legend: (Time is in decaauts)
 A = Elapsed time spent in this place.
 B = Non-inter-level travel time spent in this place.
 C = Inter-level travel time spent in this place.
 D = Time resting spent in this place.
 E = Time spent auto-exploring this place.
 F = Levels seen in this place.
 G = Mean time per level.
                   A        B        C        D        E       F      G
               +--------+--------+--------+--------+--------+-----+--------+
         Total |   1783 |   1755 |     28 |     95 |   1452 |   2 |  891.5 |
       Dungeon |   1783 |   1755 |     28 |     95 |   1452 |   2 |  891.5 |
               +--------+--------+--------+--------+--------+-----+--------+

Top non-repeatable levels by time:
     D:1: 1285 daAuts
     D:2: 497 daAuts

Table legend:
 A = Kills in this place as a percentage of kills in the entire game.
 B = Kills by you in this place as a percentage of kills by you in the entire game.
 C = Kills by friends in this place as a percentage of kills by friends in the entire game.
 D = Other kills in this place as a percentage of other kills in the entire game.
 E = Experience gained in this place as a percentage of experience gained in the entire game.
 F = Experience gained in this place divided by the number of levels of this place that you have seen.
                   A       B       C       D       E      F
               +-------+-------+-------+-------+-------+----------------------
         Total | 100.0 | 100.0 |   N/A |   N/A | 100.0 |  29.5
       Dungeon | 100.0 | 100.0 |   N/A |   N/A | 100.0 |  29.5
               +-------+-------+-------+-------+-------+----------------------
